 Dungeon Crawl Stone Soup version 0.29-a0-275-g389c0b56f3 (webtiles) character file.

Game seed: 4585740214435430974

27 Crownlay the Digger (level 3, -6/19 HPs)
             Began as a Gargoyle Earth Elementalist on Mar 10, 2022.
             Mangled by a gnoll
             ... wielding a +0 flail
              (9 damage)
             ... on level 1 of the Dungeon.
             The game lasted 00:01:25 (871 turns).

Crownlay the Digger (Gargoyle Earth Elementalist)    Turns: 871, Time: 00:01:25

Health: -6/19      AC:  5    Str: 17    XL:     3   Next: 10%
Magic:  6/7        EV: 11    Int: 17    God:
Gold:   55         SH:  0    Dex: 10    Spells: 1/7 levels left

rFire   . . .      SeeInvis .   d - +0 dagger
rCold   . . .      Faith    .   (no shield)
rNeg    + . .      Spirit   .   b - +0 robe
rPois   ∞          Reflect  .   (no helmet)
rElec   +          Harm     .   (no cloak)
rCorr   .          Rampage  .   (no gloves)
Will    .....                   (no boots)
Stlth   ++........              (no amulet)
HPRegen 0.06/turn               e - +6 ring of strength
MPRegen 0.10/turn               i - +4 ring of slaying

@: no status effects
A: sickness immunity, AC +3, negative energy resistance 1, electricity
resistance, torment resistance 1, petrification resistance
a: no special abilities


You were on level 1 of the Dungeon.
You visited 1 branch of the dungeon, and saw 1 of its levels.

You collected 55 gold pieces.

Inventory:

Hand Weapons
 d - a +0 dagger (weapon)
Missiles
 a - 60 stones
Armour
 b - a +0 robe (worn)
Magical Staves
 h - a staff of conjuration
Jewellery
 e - a +6 ring of strength (left hand)
 i - a +4 ring of slaying (right hand)
Scrolls
 g - a scroll of fog {unknown}
Potions
 c - a potion of magic
 f - 2 potions of curing {unknown}


   Skills:
 - Level 1.5 Dodging
 - Level 2.1 Stealth
 * Level 2.9 Spellcasting
 + Level 0.0 Conjurations
 - Level 0.7 Transmutations
 + Level 4.1 Earth Magic


You had one spell level left.
You knew the following spells:

 Your Spells              Type           Power      Damage    Failure   Level
a - Sandblast             Erth           32%        2d9       3%          1
b - Passwall              Tmut/Erth      8%         N/A       10%         2
c - Stone Arrow           Conj/Erth      18%        3d8       22%         3

Your spell library contained the following spells:

 Spells                   Type           Power      Damage    Failure   Level
 Animate Skeleton         Necr           4%         N/A       19%         1
 Pain                     Necr           8%         1d4       19%         1
 Ozocubu's Armour         Ice            2%         N/A       47%         3
 Vampiric Draining        Necr           2%         2d6       47%         3
 Petrify                  Tmut/Erth      10%        N/A       54%         4
 Metabolic Englaciation   Hex/Ice        1%         N/A       99%         5
 Simulacrum               Ice/Necr       1%         N/A       100%        6


Dungeon Overview and Level Annotations

Branches:
Dungeon (1/15)

Altars:


Innate Abilities, Weirdness & Mutations

You are immune to sickness and miasma.
Your stone body is resilient. (AC +3)
You are immune to poison.
You resist negative energy. (rN+)
You are resistant to electric shocks. (rElec)
You are resistant to unholy torment.
You are immune to petrification.


Message History

The bat is severely wounded.
The bat hits you but does no damage.
A kobold comes into view.
It is wielding a +2 short sword of holy wrath.
The bat hits you but does no damage.
A gnoll comes into view. It is wielding a +0 flail.
The bat hits you but does no damage. The bat hits you but does no damage.
The bat closely misses you. The bat hits you but does no damage.
You barely miss the bat.
The bat is severely wounded.
The kobold shouts!
The gnoll shouts!
The bat barely misses you.
You hit the bat.
You kill the bat!
The kobold hits you with a +2 short sword of holy wrath.
You hit the gnoll.
The gnoll is lightly wounded.
The gnoll hits you with a +0 flail. The kobold barely misses you.
You closely miss the gnoll.
The gnoll is lightly wounded.
The gnoll misses you. The kobold barely misses you.
You hit the gnoll.
The gnoll is heavily wounded.
The gnoll hits you with a +0 flail!
The kobold hits you with a +2 short sword of holy wrath.
* * * LOW HITPOINT WARNING * * *
You are too injured to fight recklessly!
You are too injured to fight recklessly!
You are too injured to fight recklessly!
You are too injured to fight recklessly!
Casting: Sandblast (safe; 3% risk of failure)
Confirm with . or Enter, or press ? or * to list all spells.
Aiming: Sandblast (safe; 3% risk of failure)
Press: ? - help, Shift-Dir - straight line, f - kobold
Aim: a kobold, wielding a +2 short sword of holy wrath (74% to hit)
The blast of sand hits the kobold.
You kill the kobold!
The gnoll hits you with a +0 flail!
You die...

###### .....# ########
.....# #......# .....#
#......# #'#####
#......#
#.....#####.!....#####
#.###.....+..........#
#.# #.#####.....†....#
#.###.#####.....@)...#
...(..........#..g...##
..........).............
#.....##.##.#.#######...
#.....##....#... ..
......########### #
#..#...... #..#..###.
#..#...#


You could see a gnoll.

Vanquished Creatures
  2 endoplasms (D:1)
  A giant cockroach (D:1)
  3 goblins (D:1)
  3 hobgoblins (D:1)
  5 jackals (D:1)
  2 kobolds (D:1)
  2 quokkas (D:1)
  A ball python (D:1)
  2 bats (D:1)
  A frilled lizard (D:1)
22 creatures vanquished.

Notes
Turn   | Place    | Note
-------+----------+-------------------------------------------
     0 | D:1      | Crownlay the Gargoyle Earth Elementalist began the quest
                  | for the Orb.
     0 | D:1      | Reached XP level 1. HP: 10/10 MP: 3/3
   269 | D:1      | Found a faded altar of an unknown god.
   275 | D:1      | Reached XP level 2. HP: 15/15 MP: 3/5
   300 | D:1      | Reached skill level 4 in Earth Magic
   504 | D:1      | Reached XP level 3. HP: 4/19 MP: 1/7
   752 | D:1      | Learned a level 2 spell: Passwall
   756 | D:1      | Learned a level 3 spell: Stone Arrow
   871 | D:1      | Mangled by a gnoll

Illustrated notes

Levels and vault maps discovered:
D:1:      dpeg_arrival_arbitrary_a, layout_basic,
          hellmonk_ecumenical_altar_dog_temple, minmay_three_crescents

Skill      XL: |  1  2 |
---------------+-------+-----
Earth Magic    | 4 |  4.1
Dodging        | |  1.5
Stealth        | |  2.1
Spellcasting   | |  2.9
Transmutations | |  0.7

Action                   || total
-------------------------++-------
Melee: Unarmed           ||    12
       Dagger            ||    26
 Cast: Sandblast         ||    20
Armor: Robe              ||    42
Dodge: Dodged            ||    41

Table legend: (Time is in decaauts)
 A = Elapsed time spent in this place.
 B = Non-inter-level travel time spent in this place.
 C = Inter-level travel time spent in this place.
 D = Time resting spent in this place.
 E = Time spent auto-exploring this place.
 F = Levels seen in this place.
 G = Mean time per level.
                   A        B        C        D        E       F      G
               +--------+--------+--------+--------+--------+-----+--------+
         Total |    869 |    869 |      0 |      0 |    731 |   1 |  869.0 |
       Dungeon |    869 |    869 |      0 |      0 |    731 |   1 |  869.0 |
               +--------+--------+--------+--------+--------+-----+--------+

Top non-repeatable levels by time:
     D:1: 869 daAuts
